 Dungeon Crawl Stone Soup version 0.18.1-8-gdd0e5ea (webtiles) character file.

73 GFox the Ruffian (level 4, -9/40 HPs)
             Began as a Minotaur Monk on May 31, 2016.
             Splashed by Ijyb's acid (12 damage)
             ... on level 2 of the Dungeon.
             The game lasted 00:11:49 (1478 turns).

GFox the Ruffian (Minotaur Monk)                    Turns: 1478, Time: 00:11:57

Health: -9/40      AC:  2    Str: 17    XL:     4   Next: 8%
Magic:  3/3        EV:  8    Int:  7    God:
Gold:   84         SH:  7    Dex: 12    Spells: 0 memorised, 3 levels left

rFire  . . .     SeeInvis .     l - +0 hand axe
rCold  . . .     Gourm    .     o - +0 scale mail
rNeg   . . .     Faith    .     c - +0 shield
rPois  .         Spirit   .     (helmet restricted)
rElec  .         Dismiss  .     (no cloak)
rCorr  .         Reflect  .     (no gloves)
SustAt .         Harm     .     (no boots)
MR     .....                    (no amulet)
Stlth  ..........               (no ring)
                                (no ring)

@: corroded, not resistant to hostile enchantments, extremely unstealthy
A: retaliatory headbutt, horns 2
a: no special abilities


You were on level 2 of the Dungeon.
You were not hungry.

You visited 1 branch of the dungeon, and saw 2 of its levels.

You collected 84 gold pieces.

Inventory:

Hand Weapons
 l - a +0 hand axe (weapon)
Armour
 c - a +0 shield (worn)
 o - a +0 scale mail (worn)
Scrolls
 f - a scroll of identify
 i - a scroll of enchant weapon
 j - a scroll of fear {unknown}
 k - 2 scrolls of random uselessness {unknown}
 m - a scroll of remove curse {unknown}
 n - a scroll of teleportation {unknown}
Potions
 e - a potion of curing
 g - 4 potions of haste
Comestibles
 a - 5 chunks of flesh
 b - a bread ration
 h - a meat ration


   Skills:
 + Level 4.1 Fighting
 + Level 1.4 Armour
 + Level 3.9 Dodging
 + Level 1.5 Stealth
 + Level 0.2 Shields
 + Level 5.2 Unarmed Combat


You had 3 spell levels left.
You didn't know any spells.

Dungeon Overview and Level Annotations

Branches:
Dungeon (2/15)

Altars:

Annotations:
D:2 Ijyb


Innate Abilities, Weirdness & Mutations

You reflexively headbutt those who attack you in melee.
You have a pair of horns on your head.


Message History

Your Fighting skill increases to level 4!
You see here a dagger.
Ijyb zaps a wand.
The bolt of acid hits you! The acid corrodes you!
The acid burns!
It is a wand of acid.
The goblin barely misses you. You furiously retaliate!
You headbutt the goblin!
You kill the goblin!
You block the goblin's attack. The goblin closely misses you.
You furiously retaliate!
You headbutt the goblin.
You kill the goblin!
Some of the chunks of flesh in your inventory have rotted away.
Found a ring mail and a scale mail.
You see here a goblin corpse.
You hit Ijyb.
Ijyb is lightly wounded.
You hit the goblin.
You kill the goblin!
You barely miss the goblin.
Ijyb zaps a wand.
The bolt of acid hits you!
* * * LOW HITPOINT WARNING * * *
The acid burns!
You die...

.# ##### .# .# ######### .#
#.......# .# #.......#
.######.......########
.....................#
.######........))....# ### [.##
#......#8g@...8##########..
...####......#.g.....##..........
..###......###8.....8##.#########
.## #.####.# #.......##.# # .#
#.####.# #8.....8##.# .# #.#....#
#.......##.# '## #.#.##.#
#8.....8##.# # ..###.#.##.#
#..[.[..##.# ## ...##......######
#.### ##.


You could see Ijyb and a goblin.

Vanquished Creatures
  3 adders (D:2)
  A dart slug (D:1)
  A giant gecko (D:2)
  2 ball pythons (D:2)
  A giant cockroach (D:1)
  7 goblins
  4 hobgoblins
  3 jackals (D:1)
  5 kobolds
  A quokka (D:2)
  3 bats
  6 giant newts
  2 rats
39 creatures vanquished.

Notes
Turn   | Place    | Note
--------------------------------------------------------------
     0 | D:1      | GFox the Minotaur Monk began the quest for the Orb.
     0 | D:1      | Reached XP level 1. HP: 19/19 MP: 0/0
   242 | D:1      | Reached XP level 2. HP: 23/27 MP: 1/1
   794 | D:2      | Reached skill level 1 in Armour
   794 | D:2      | Reached skill level 5 in Unarmed Combat
   794 | D:2      | Reached XP level 3. HP: 26/33 MP: 2/2
  1472 | D:2      | Noticed Ijyb
  1475 | D:2      | Reached XP level 4. HP: 37/40 MP: 3/3
  1478 | D:2      | Splashed by Ijyb's acid

Skill      XL: |  1  2  3  4 |
---------------+-------------+-----
Armour         | 1 |  1.4
Unarmed Combat | 5 |  5.2
Fighting       | 4 |  4.1
Dodging        | |  3.9
Stealth        | |  1.5
Shields        | |  0.2

Action                   |  1- 3 |  4- 6 || total
-------------------------+-------+-------++-------
Melee: Unarmed           |    39 |       ||    39
       Headbutt          |    12 |       ||    12
       Hand axe          |    40 |     1 ||    41
  Use: Scroll            |     3 |       ||     3
  Eat: Chunk             |     2 |       ||     2
Armor: Ring mail         |    22 |       ||    22
       Scale mail        |     5 |     1 ||     6
Dodge: Dodged            |    35 |     3 ||    38
Block: Shield            |    32 |     1 ||    33
